cohdb
Replays
Latest Replays
All Replays
Popular Replays
Top Player Replays
Match Explorer
How It Works
Community
CoH3 Stats
Reddit
Sign in to upload your games and track your stats! →
Sign in with Steam
Match 43108488
Unlisted
Match 43108488
Overview
Messages
Build Orders
End
Vickers Machine Gun Team
Construct Section Command Post
Dingo Light Scout Car
Infantry Section
Infantry Section
Construct Platoon Command Post
6-pounder Anti-tank Gun Team
Selects Canadian Shock Battlegroup
Selects Attacking Spirit
Humber Armored Car
Construct Field Infirmary
CMP 15cwt Truck
Infantry Training
Construct Company Command Post
Ra11
DangerouslyDumb
Ooga Boogatti
aSIINiedi
HelpingHans
FLOKL
shadow 2
0
0
Comments
sign in to comment!
No comments posted yet!